 Dungeon Crawl Stone Soup version 0.21.1-1-g345015fe64 (webtiles) character file.

225 pajalenfi the Stinger (level 6, -18/52 HPs)
             Began as a Naga Venom Mage on July 1, 2018.
             Demolished by an ogre
             ... wielding a +0 giant club
              (32 damage)
             ... on level 3 of the Dungeon.
             The game lasted 01:16:35 (2938 turns).

pajalenfi the Stinger (Naga Venom Mage)             Turns: 2938, Time: 01:16:36

Health: -18/52     AC:  3    Str: 11    XL:     6   Next: 1%
Magic:  4/10       EV: 10    Int: 17    God:
Gold:   112        SH:  0    Dex: 11    Spells: 5/11 levels left

rFire    . . .     SeeInvis +   i - +0 whip
rCold    . . .     Gourm    .   (no shield)
rNeg     . . .     Faith    .   a - +0 robe
rPois    +         Spirit   .   (no helmet)
rElec    .         Reflect  .   (no cloak)
rCorr    .         Harm     .   (no gloves)
MR       .....                  (no barding)
Stlth    ++........             (no amulet)
HPRegen  0.17/turn              (no ring)
MPRegen  0.12/turn              (no ring)

@: about to teleport, very slow
A: large, see invisible, deformed body, poison resistance, slowness 2, slow
metabolism 1, spit poison 1, AC +2
a: Spit Poison


You were on level 3 of the Dungeon.
You were near starving.

You visited 1 branch of the dungeon, and saw 5 of its levels.

You collected 112 gold pieces.

Inventory:

Hand Weapons
 d - a +0 dagger
 i - a +0 whip (weapon)
 l - a +0 hunting sling
 s - a +0 spear
 w - a +0 shortbow
Missiles
 h - 93 stones (quivered)
 p - 20 bolts
 q - 25 arrows
Armour
 a - a +0 robe (worn)
 j - a +0 robe
 x - the +4 plate armour of the Fiddle {Int+2, unknown}
   (You found it on level 4 of the Dungeon)

   It affects your intelligence (+2).
 y - a +0 robe
Jewellery
 r - an uncursed amulet of rage {unknown}
Scrolls
 m - a scroll of remove curse
 n - a scroll of noise {unknown}
 u - a scroll of identify {unknown}
Potions
 e - a potion of magic {unknown}
 f - a potion of resistance {unknown}
 g - a potion of berserk rage {unknown}
 k - a potion of curing {unknown}
 o - 2 potions of flight {unknown}
 v - a potion of lignification {unknown}
Books
 b - a Young Poisoner's Handbook

   Spells                             Type                      Level
   a - Sting                          Conjuration/Poison           1
   b - Poisonous Vapours              Poison/Air                   2
   c - Mephitic Cloud                 Conjuration/Poison/Air       3
   d - Olgreb's Toxic Radiance        Poison                       4
   e - Venom Bolt                     Conjuration/Poison           5
Comestibles
 c - 3 rations


   Skills:
 * Level 2.0 Fighting
 - Level 1.5 Dodging
 - Level 4.0 Stealth
 * Level 3.1 Spellcasting
 * Level 2.0 Conjurations
 * Level 2.0 Air Magic
 + Level 5.3 Poison Magic


You had 5 spell levels left.
You knew the following spells:

 Your Spells              Type           Power        Failure   Level  Hunger
a - Sting                 Conj/Pois      ###.         3%          1    None
b - Poisonous Vapours     Pois/Air       ###...       5%          2    ##.....
c - Mephitic Cloud        Conj/Pois/Air  ##......     14%         3    ###....


Dungeon Overview and Level Annotations

Branches:
Dungeon (5/15)
 Temple: D:4-7

Altars:
Ashenzari
Sif Muna
Yredelemnul
The Shining One

Annotations:
D:2 Jessica, Sigmund
D:4 Eustachio


Innate Abilities, Weirdness & Mutations

You cannot wear boots.
Your serpentine skin is tough. (AC +2)
You have supernaturally acute eyesight. (SInv)
Armour fits poorly on your strangely shaped body.
Your system is resistant to poisons. (rPois)
You cover ground very slowly.
You have a slow metabolism.
You can spit poison.


Message History

The frilled lizard bites you but does no damage.
The frilled lizard bites you.
Eustachio gestures wildly while chanting.
The frilled lizard barely misses you.
You swing at nothing.
The ogre closely misses you. The frilled lizard closely misses you.
Eustachio gestures wildly while chanting.
The ooze hits you but does no damage.
The frilled lizard bites you but does no damage.
The ooze hits you. The frilled lizard closely misses you.
There is a stone staircase leading up here.
The ogre hits you with a giant club! The ooze hits you.
* * * LOW HITPOINT WARNING * * *
The frilled lizard bites you but does no damage.
You climb upwards.
There is a stone staircase leading down here.
As you read the scroll of teleportation, it crumbles to dust.
You feel strangely unstable. The ogre hits you with a giant club!!
Ouch! That really hurt!
You die...

.....#.....#........
#.#.#).#..........# .# #
#......#..........# .#.#
###.#.##......[..#######.#.#
.........###'##............
#.#...#...........#####..#
............<..)..#####..#
.................J.[.....#####.
..............#.@l.............
#.##......#.....O######..#####
#.# #..........#.# #..# #.#
..#..#....#.# #..######## #
..#.......#.# #.........# #
..#..##...#.# #.#######.# #
#.#..##...#.# #.# #.# #
#....##...#.# #.# #.#
######....##...#.# #.# #.#


You could see an ogre, an ooze and a frilled lizard.

Vanquished Creatures
  A bullfrog (D:3)
  A hound (D:4)
  An orc wizard (D:4)
  A worker ant (D:4)
  A worker ant zombie (D:2)
  A gnoll (D:1)
  2 adders
  2 oozes
  A worm (D:3)
  A leopard gecko (D:1)
  3 orcs (D:4)
  A ball python (D:1)
  6 bats
  3 giant cockroaches (D:1)
  9 goblins
  5 hobgoblins
  A frilled lizard (D:1)
  4 kobolds
  5 rats
49 creatures vanquished.

Notes
Turn   | Place    | Note
-------+----------+-------------------------------------------
     0 | D:1      | pajalenfi the Naga Venom Mage began the quest for the Orb.
     0 | D:1      | Reached XP level 1. HP: 15/15 MP: 3/3
   729 | D:1      | Reached XP level 2. HP: 24/24 MP: 5/5
   755 | D:1      | Learned a level 2 spell: Poisonous Vapours
  1104 | D:1      | Reached skill level 1 in Fighting
  1160 | D:1      | Reached XP level 3. HP: 31/31 MP: 3/6
  1165 | D:1      | Learned a level 3 spell: Mephitic Cloud
  1247 | D:2      | Noticed Sigmund
  1546 | D:2      | Found a shattered altar of Ashenzari.
  1546 | D:2      | Noticed Jessica
  1697 | D:3      | Reached XP level 4. HP: 32/38 MP: 0/7
  1734 | D:3      | Reached skill level 5 in Poison Magic
  1901 | D:3      | Noticed a bullfrog
  2016 | D:3      | Killed a bullfrog
  2016 | D:3      | Reached skill level 1 in Air Magic
  2016 | D:3      | Reached XP level 5. HP: 44/44 MP: 3/9
  2226 | D:3      | Found a deep blue altar of Sif Muna.
  2561 | D:4      | Got a dazzling plate armour
  2696 | D:4      | Found a glowing golden altar of the Shining One.
  2707 | D:4      | Noticed an angel
  2712 | D:4      | Found a basalt altar of Yredelemnul.
  2714 | D:4      | Noticed a profane servitor
  2775 | D:5      | Entered Level 5 of the Dungeon
  2876 | D:4      | Reached XP level 6. HP: 38/52 MP: 3/10
  2877 | D:4      | Noticed Eustachio
  2938 | D:3      | Demolished by an ogre

Skill      XL: |  1  2  3  4  5 |
---------------+----------------+-----
Fighting       | 1 2 |  2.0
Poison Magic   | 5 |  5.3
Stealth        | 4 |  4.0
Air Magic      | 1 2 |  2.0
Spellcasting   | 3 |  3.1
Conjurations   | 2 |  2.0
Dodging        | |  1.5

Action                   |  1- 3 |  4- 6 || total
-------------------------+-------+-------++-------
Melee: Dagger            |     6 |       ||     6
       Whip              |    34 |    50 ||    84
 Fire: Hunting sling     |     4 |     2 ||     6
Throw: Stone             |       |     1 ||     1
 Cast: Sting             |     4 |       ||     4
       Poisonous Vapours |     5 |    15 ||    20
       Mephitic Cloud    |     5 |     7 ||    12
 Abil: Spit Poison       |    17 |    12 ||    29
  Use: Scroll            |       |     4 ||     4
 Stab: Sleeping          |     2 |     1 ||     3
       Confused          |       |     3 ||     3
  Eat: Chunk             |     3 |     5 ||     8
Armor: Robe              |    11 |    45 ||    56
Dodge: Dodged            |    24 |    82 ||   106
